 Dungeon Crawl Stone Soup version 0.30-a0-852-g08b95dd62f (webtiles) character file.

Game seed: 7534963875547052459

218 Darius099 the Chopper (level 5, -8/46 HPs)
             Began as a Minotaur Fighter on Mar 4, 2023.
             Mangled by an ogre
             ... wielding a +0 giant club
              (21 damage)
             ... on level 3 of the Dungeon.
             The game lasted 00:02:30 (2039 turns).

Darius099 the Chopper (Minotaur Fighter)            Turns: 2039, Time: 00:02:31

Health: -8/46      AC:  7    Str: 22    XL:     5   Next: 63%
Magic:  4/4        EV:  9    Int:  5    God:
Gold:   141        SH:  5    Dex: 16    Spells: 4/4 levels left

rFire   . . .      SeeInvis .    a - +0 war axe
rCold   . . .      Faith    .    c - +0 buckler
rNeg    . . .      Spirit   .    b - +0 scale mail
rPois   .          Reflect  .    (helmet restricted)
rElec   .          Rampage  .    (no cloak)
rCorr   .                        (no gloves)
Will    .....                    (no boots) Stlth
                                 (no amulet)
HPRegen 0.27/turn                e - +6 ring of dexterity
MPRegen 0.09/turn                (no ring)

@: no status effects
A: horns 2, retaliatory headbutt
a: no special abilities


You were on level 3 of the Dungeon.
You visited 1 branch of the dungeon, and saw 3 of its levels.

You collected 141 gold pieces.

Inventory:

Hand Weapons
 a - a +0 war axe (weapon)
Armour
 b - a +0 scale mail (worn)
 c - a +0 buckler (worn)
Jewellery
 e - a +6 ring of dexterity (left hand)
Scrolls
 g - 3 scrolls of enchant weapon {unknown}
 h - 2 scrolls of torment {unknown}
 j - a scroll of blinking {unknown}
 l - 5 scrolls of identify {unknown}
 m - a scroll of butterflies {unknown}
 p - 3 scrolls of silence {unknown}
 q - a scroll of amnesia {unknown}
 r - a scroll of enchant armour {unknown}
Potions
 d - 2 potions of might
 f - a potion of degeneration {unknown}
 i - a potion of mutation {unknown}
 k - a potion of berserk rage {unknown}
 n - 3 potions of invisibility {unknown}
 o - a potion of curing {unknown}
 s - a potion of heal wounds {unknown}


   Skills:
 - Level 3.7 Fighting
 + Level 7.0 Axes
 - Level 3.7 Armour
 - Level 3.7 Shields


You had 4 spell levels left.
You didn't know any spells.
Your spell library was empty.

Dungeon Overview and Level Annotations

Branches:
Dungeon (3/15)

Altars:
Ashenzari
Kikubaaqudgha
Uskayaw

Shops:
D:1 *   D:3 (


Innate Abilities, Weirdness & Mutations

You have a pair of horns on your head.
You reflexively headbutt those who attack you in melee.


Message History

You block the endoplasm's attack.
You hit the endoplasm.
You kill the endoplasm!
You barely miss the giant cockroach. The giant cockroach bites you.
You block the giant cockroach's attack.
You hit the giant cockroach but do no damage.
You headbutt the giant cockroach.
You kill the giant cockroach!
No target in view!
Things that are here:
a +0 club; a goblin corpse An ogre comes into view.
It is wielding a +0 giant club.
The ogre shouts!
Found 8 gold pieces.
An adder comes into view.
Found a sling and a human corpse.
The adder hisses angrily.
Found Ipyanadgh's Weapon Boutique.
The ogre hits you with a +0 giant club!
You barely miss the ogre. You closely miss the adder. The adder misses you.
The ogre hits you with a +0 giant club!!
The adder bites you but does no damage.
You are too injured to fight recklessly!
You are too injured to fight recklessly!
You are too injured to fight recklessly!
You barely miss the ogre. You headbutt the ogre.
The ogre is lightly wounded.
You closely miss the adder. The adder bites you.
* * * LOW HITPOINT WARNING * * *
You block the ogre's attack.
You barely miss the ogre. Your headbutt misses the ogre.
The ogre is lightly wounded.
You hit the adder but do no damage. The adder barely misses you.
You furiously retaliate!
You headbutt the adder. The adder completely misses you.
You furiously retaliate!
You headbutt the adder, but do no damage.
You slash the ogre!
The ogre is heavily wounded.
You hit the adder but do no damage.
The ogre hits you with a +0 giant club!!
You die...

.# #.########### #.†..
.# #............ #...∩
.############### #)....
..# #.... #.# #..$#
#.########
##...###........#
##...S.##.######.######
#....O@...# #.......
##.....#### ########
##.$.## ##.# ##


You could see an ogre and an adder.

Vanquished Creatures
  A vampire bat (D:3)
  An orc priest (D:3)
  2 orc wizards (D:3)
  3 gnolls
  An adder (D:2)
  A worm (D:2)
  2 dart slugs
  2 orcs (D:3)
  3 ball pythons
  2 bat skeletons (D:3)
  2 bat zombies (D:3)
  3 endoplasms
  4 giant cockroaches
  6 goblins
  4 hobgoblins
  2 jackals (D:1)
  A quokka (D:2)
  5 bats
  3 frilled lizards
  3 kobolds
  3 rats
54 creatures vanquished.

Notes
Turn   | Place    | Note
-------+----------+-------------------------------------------
     0 | D:1      | Darius099 the Minotaur Fighter began the quest for the Orb.
     0 | D:1      | Reached XP level 1. HP: 19/19 MP: 0/0
   113 | D:1      | Reached XP level 2. HP: 26/27 MP: 1/1
   158 | D:1      | Reached skill level 3 in Axes
   369 | D:1      | Found Politox's Assorted Antiques.
   796 | D:2      | Found a broken altar of Ashenzari.
   841 | D:2      | Reached XP level 3. HP: 14/33 MP: 2/2
   991 | D:2      | Reached skill level 4 in Axes
  1532 | D:2      | Reached skill level 5 in Axes
  1532 | D:2      | Reached XP level 4. HP: 40/40 MP: 3/3
  1698 | D:3      | Found an ancient bone altar of Kikubaaqudgha.
  1713 | D:3      | Reached skill level 6 in Axes
  1765 | D:3      | Reached XP level 5. HP: 18/46 MP: 4/4
  1897 | D:3      | Found a hide-covered altar of Uskayaw.
  1941 | D:3      | Reached skill level 7 in Axes
  2032 | D:3      | Noticed an ogre
  2035 | D:3      | Found Ipyanadgh's Weapon Boutique.
  2039 | D:3      | Mangled by an ogre

Illustrated notes

Levels and vault maps discovered:
D:1:      dpeg_arrival_arbitrary_b, layout_basic, serial_shops,
          nicolae_shop_behind_doors, minmay_crystal_room,
          wander_ebering_terrifying_dragon_lair
D:2:      layout_loops_ring, basic_altar
D:3:      layout_loops_ring, regret_index_temple_of_mockery,
          mainiacjoe_overflow_concentric_impassable,
          mainiacjoe_overflow_alcove_2, mainiacjoe_overflow_surrounded_room,
          kennysheep_vampire_church, serial_shops,
          nicolae_shop_bloodbath_and_beyond

Skill      XL: |  1  2  3  4  5 |
---------------+----------------+-----
Axes           | 3 5 6 7 |  7.0
Fighting       | |  3.7
Armour         | |  3.7
Shields        | |  3.7

Action                     |  1- 3 |  4- 6 || total
---------------------------+-------+-------++-------
  Melee: War axe           |    70 |    48 ||   118
         Headbutt          |     6 |    10 ||    16
 Armour: Scale mail        |    32 |    25 ||    57
  Dodge: Dodged            |    31 |    22 ||    53
  Block: Buckler           |    23 |    10 ||    33

Table legend: (Time is in decaauts)
 A = Elapsed time spent in this place.
 B = Non-inter-level travel time spent in this place.
 C = Inter-level travel time spent in this place.
 D = Time resting spent in this place.
 E = Time spent auto-exploring this place.
 F = Levels seen in this place.
 G = Mean time per level.
                   A        B        C        D        E       F      G
               +--------+--------+--------+--------+--------+-----+--------+
         Total |   2076 |   2055 |     21 |     76 |   1648 |   3 |  692.0 |
       Dungeon |   2076 |   2055 |     21 |     76 |   1648 |   3 |  692.0 |
               +--------+--------+--------+--------+--------+-----+--------+

Top non-repeatable levels by time:
     D:1: 797 daAuts
     D:2: 759 daAuts
     D:3: 518 daAuts
